 Dungeon Crawl Stone Soup version 0.14-a0-1266-g856eec9 (webtiles) character file.

240 Mitsuki the Charmwright (level 5, -3/48 HPs)
             Began as a Naga Skald on Dec 3, 2013.
             Slain by a phantom (6 damage)
             ... on Level 3 of the Dungeon.
             The game lasted 00:34:17 (2919 turns).

Mitsuki the Charmwright (Naga Skald)                Turns: 2919, Time: 00:34:17

HP  -3/48        AC  8     Str 13      XL: 5   Next: 28%
MP   9/9         EV  7     Int 13      God:
Gold 94          SH  0     Dex 10      Spells:  3 memorised,  2 levels left

rFire  . . .     SeeInvis +     a - +0,+1 spear
rCold  . . .     Clarity  .     n - +1 ring mail
rNeg   . . .     Conserve .     (no shield)
rPois  +         rCorr    .     (no helmet)
rElec  .         rRot     .     (no cloak)
SustAb . .       Spirit   .     h - +0 pair of elf gloves
rMut   .         Warding  .     (no barding)
Saprov . . .     Stasis   .     (no amulet)
                                e - +2 ring of protection
                                i - cursed -2 ring of strength

@: very slow, slightly resistant to hostile enchantments, very unstealthy
A: spit poison, see invisible, deformed body, poison resistance, slowness 2, AC
+1
a: Spit Poison


You were on level 3 of the Dungeon.
You were not hungry.

You visited 1 branch of the dungeon, and saw 4 of its levels.

You collected 94 gold pieces.

Inventory:

Hand weapons
 a - a +0,+1 spear (weapon)
Armour
 h - a +0 pair of elven gloves (worn)
 n - a +1 ring mail (worn)
 o - a +0 naga barding
Comestibles
 b - 2 meat rations
 d - a bread ration
Scrolls
 f - 2 scrolls of fear
 m - a scroll of blinking
 q - 2 scrolls of teleportation
 r - a scroll of enchant weapon II
Jewellery
 e - a +2 ring of protection (right hand)
 i - a cursed -2 ring of strength (left hand)
 s - an uncursed amulet of rage
Potions
 g - 2 potions of brilliance
 j - a potion of heal wounds {unknown}
 k - 2 potions of curing
 l - a potion of flight {unknown}
Books
 c - a book of Battle

   Spells                             Type                      Level
   *Infusion                          Charms                       1
   *Shroud of Golubria                Charms/Translocation         2
   Song of Slaying                    Charms                       2
   Spectral Weapon                    Hexes/Charms                 3
   *Regeneration                      Charms/Necromancy            3


   Skills:
 * Level 2.8 Fighting
 * Level 3.0 Polearms
 * Level 1.9 Armour
 * Level 1.5 Dodging
 + Level 0.9 Stealth
 + Level 2.3 Spellcasting
 + Level 3.3 Charms


You had 2 spell levels left.
You knew the following spells:

 Your Spells              Type           Power        Failure   Level  Hunger
a - Infusion              Chrm           ##....       12%         1    #......
b - Shroud of Golubria    Chrm/Tloc      #.........   28%         2    ###....
c - Regeneration          Chrm/Necr      #.........   58%         3    ####...


Dungeon Overview and Level Annotations

Branches:
Dungeon (4/16)
 Temple: D:4-7

Altars:
Okawaru
Trog
Vehumet
Yredelemnul

Annotations:
D:4 Pikel


Innate Abilities, Weirdness & Mutations

You cannot wear boots.
You can spit poison.
Your serpentine skin is tough (AC +1).
You have supernaturally acute eyesight.
Armour fits poorly on your strangely shaped body.
Your system is resistant to poisons.
You cover ground very slowly.


Message History

The splash of poison misses the phantom.
You feel slightly more hungry. The phantom hits you.
* * * LOW HITPOINT WARNING * * *
You hit the phantom.
The phantom is severely damaged.
The phantom hits you.
* * * LOW HITPOINT WARNING * * *
You miss the phantom.
The phantom is severely damaged.
The phantom hits you.
* * * LOW HITPOINT WARNING * * *
You have got your breath back.
You hit the phantom but do no damage.
The phantom is severely damaged.
The phantom hits you.
* * * LOW HITPOINT WARNING * * *
The phantom hits you.
* * * LOW HITPOINT WARNING * * *
The phantom hits you.
You die...

.............###...#.#....#
.............###...#.####.#
...........)..##.[.#.####.#
...%....%...>.............#
..............#....#.####.######
...............................#
...##............#.#.####.####.#
...###.........#.#.#.# #.#.##.#
...###.........#@#.#.####?#.##.#
...............p............##.#
...............#..........#.##.#
...............#...............#
...............#..........#.####
..............##............#
............####..........###
...)........# #........%.##
............# #..........#


You could see a phantom.

Vanquished Creatures
  Jessica (D:3)
  4 adders
  An inept feature mimic (D:2)
  A worm (D:2)
  2 giant mites
  A giant eyeball (D:4)
  4 giant geckos
  4 giant cockroaches
  6 goblins
  9 hobgoblins
  4 jackals (D:3)
  3 quokkas (D:3)
  5 bats
  2 giant newts (D:1)
  7 kobolds
  2 rats
56 creatures vanquished.

Notes
Turn   | Place    | Note
--------------------------------------------------------------
     0 | D:1      | Mitsuki, the Naga Skald, began the quest for the Orb.
     0 | D:1      | Reached XP level 1. HP: 19/19 MP: 3/3
   414 | D:1      | Reached XP level 2. HP: 26/26 MP: 4/4
   455 | D:1      | Reached skill level 1 in Armour
   948 | D:2      | Learned a level 2 spell: Shroud of Golubria
  1036 | D:2      | Reached XP level 3. HP: 29/32 MP: 6/6
  1055 | D:2      | Reached skill level 1 in Dodging
  1616 | D:2      | Found a basalt altar of Yredelemnul.
  1621 | D:2      | Found a radiant altar of Vehumet.
  1636 | D:2      | Found a bloodstained altar of Trog.
  1739 | D:2      | Reached XP level 4. HP: 29/40 MP: 7/7
  2039 | D:3      | Learned a level 3 spell: Regeneration
  2443 | D:3      | Noticed Jessica
  2456 | D:3      | Killed Jessica
  2456 | D:3      | Reached XP level 5. HP: 43/46 MP: 9/9
  2718 | D:4      | Found an iron altar of Okawaru.
  2718 | D:4      | Noticed a slave
  2718 | D:4      | Noticed a slave
  2720 | D:4      | Noticed Pikel
  2757 | D:4      | Noticed a phantom
  2919 | D:3      | Slain by a phantom

Action                   |  1- 3 |  4- 6 || total
-------------------------+-------+-------++-------
Melee: Spear             |   124 |   166 ||   290
 Cast: Infusion          |     1 |     1 ||     2
       Shroud of Golubri |     1 |       ||     1
       Regeneration      |       |     1 ||     1
 Abil: Spit Poison       |     8 |    12 ||    20
  Use: Scroll            |     3 |     6 ||     9
       Potion            |     1 |       ||     1
